 Dungeon Crawl Stone Soup version 0.24-a0-235-g3f03afc (webtiles) character file.

Game seed: 6014560858231213922

175 technobutter the Poker (level 5, -4/42 HPs)
             Began as a Merfolk Fighter on Apr 5, 2019.
             Slain by a gnoll
             ... wielding a +0 halberd
              (8 damage)
             ... on level 3 of the Dungeon.
             The game lasted 00:11:24 (3212 turns).

technobutter the Poker (Merfolk Fighter)            Turns: 3212, Time: 00:11:24

Health: -4/42      AC: 11    Str: 17    XL:     5   Next: 55%
Magic:  5/5        EV:  5    Int:  7    God:
Gold:   171        SH:  9    Dex: 14    Spells: 4/4 levels left

rFire    . . .     SeeInvis .   a - +0 trident
rCold    . . .     Gourm    .   c - +0 shield
rNeg     . . .     Faith    .   g - +0 chain mail
rPois    .         Spirit   .   (no helmet)
rElec    .         Reflect  .   (no cloak)
rCorr    .         Harm     .   e - +1 pair of gloves
MR       .....                  (no boots)
Stlth    ..........             (no amulet)
HPRegen  0.14/turn              (no ring)
MPRegen  0.09/turn              (no ring)

@: no status effects
A: change form in water, swift swim, stealthy swim
a: no special abilities


You were on level 3 of the Dungeon.
You were not hungry.

You visited 1 branch of the dungeon, and saw 4 of its levels.

You collected 171 gold pieces.

Inventory:

Hand Weapons
 a - a +0 trident (weapon)
Armour
 c - a +0 shield (worn)
 e - a +1 pair of gloves (worn)
 g - a +0 chain mail (worn)
Scrolls
 k - 2 scrolls of teleportation
Potions
 b - a potion of heal wounds {unknown}
 d - a potion of might
 h - 2 potions of curing
 i - a potion of invisibility {unknown}
 j - 2 potions of mutation {unknown}
Comestibles
 f - a ration


   Skills:
 + Level 4.0 Fighting
 + Level 5.2 Polearms
 + Level 2.7 Armour
 + Level 1.2 Dodging
 + Level 0.2 Stealth
 + Level 4.0 Shields


You had 4 spell levels left.
You didn't know any spells.
Your spell library was empty.

Dungeon Overview and Level Annotations

Branches:
Dungeon (4/15)
 Temple: D:4-7

Altars:


Message History

You hit the gnoll.
You kill the gnoll!
Your Fighting skill increases to level 4!
You block the gnoll's attack.
You hit the rat.
You kill the rat!
You block the gnoll's attack.
You hit the orc.
The orc is severely wounded.
You block the gnoll's attack. The orc hits you.
* * * LOW HITPOINT WARNING * * *
You puncture the orc!
You kill the orc!
The gnoll hits you from afar with a +0 halberd!
* * * LOW HITPOINT WARNING * * *
Things that are here:
a +0 spear; a rat corpse; a gnoll corpse You see here a bat corpse.
The gnoll hits you from afar with a +0 halberd!
You die...

#. ####...#:...##
#..#............#
####..#.##...#S....##
...........(.S.......
######.####o#.####.#
#......##g#...
#......##g#####
#......##†#######.
#......##.@.......
####.############.
#.# #†# #.# #.# #.#
#.#### #.)).#


You could see 2 gnolls and an orc.

Vanquished Creatures
  An orc priest (D:4)
  2 gnolls (D:3)
  4 adders
  2 worms
  2 dart slugs
  A leopard gecko (D:2)
  12 orcs
  4 giant cockroaches
  5 goblins
  7 hobgoblins
  A ball python (D:2)
  7 bats
  8 frilled lizards
  6 kobolds
  9 rats
71 creatures vanquished.

Notes
Turn   | Place    | Note
-------+----------+-------------------------------------------
     0 | D:1      | technobutter the Merfolk Fighter began the quest for the
                  | Orb.
     0 | D:1      | Reached XP level 1. HP: 18/18 MP: 1/1
    79 | D:2      | Reached XP level 2. HP: 13/24 MP: 2/2
   118 | D:2      | HP: 1/24 [poisoned by an adder]
   458 | D:2      | Reached XP level 3. HP: 13/29 MP: 3/3
  1449 | D:1      | Reached skill level 4 in Polearms
  1511 | D:1      | Reached XP level 4. HP: 36/37 MP: 4/4
  2839 | D:4      | Reached skill level 1 in Dodging
  2842 | D:4      | Reached XP level 5. HP: 23/42 MP: 5/5
  2906 | D:4      | Reached skill level 5 in Polearms
  3212 | D:3      | Slain by a gnoll

Levels and vault maps discovered:
D:1:      roderic_lyre, layout_basic, minmay_crystal_room,
          minmay_indecisive_spiral
D:2:      layout_basic
D:3:      layout_basic, st_stairs_8, chequers_serial_rivers_small_3,
          minmay_bisected
D:4:      layout_basic, sigmund_army

Skill      XL: |  1  2  3  4  5 |
---------------+----------------+-----
Polearms       | 4 5 |  5.2
Dodging        | 1 |  1.2
Shields        | 4 |  4.0
Fighting       | 4 |  4.0
Armour         | |  2.7
Stealth        | |  0.2

Action                   |  1- 3 |  4- 6 || total
-------------------------+-------+-------++-------
Melee: Trident           |   125 |   168 ||   293
  Use: Scroll            |     3 |     6 ||     9
  Eat: Ration            |     1 |     2 ||     3
Armor: Scale mail        |    63 |       ||    63
       Chain mail        |     4 |    99 ||   103
Dodge: Dodged            |    35 |    30 ||    65
Block: Shield            |    60 |    88 ||   148

Table legend:
 A = Non-vault XP
 B = Vault XP
 C = Vault XP percentage of total XP
 D = Non-vault monster count
 E = Vault monster count
 F = Vault count percentage of total count
                 A         B        C        D         E       F
            +---------+---------+-------+---------+---------+-------
      Total |     239 |      11 |   4.4 |      66 |       5 |   7.0
            +---------+---------+-------+---------+---------+-------
        D:1 |      19 |       9 |  32.1 |      12 |       4 |  25.0
        D:2 |      73 |       0 |   0.0 |      24 |       0 |   0.0
        D:3 |      73 |       2 |   2.7 |      18 |       1 |   5.3
        D:4 |      74 |       0 |   0.0 |      12 |       0 |   0.0
            +---------+---------+-------+---------+---------+-------
